 Dungeon Crawl Stone Soup version 0.27-a0-1513-g2aaa0cc67b (webtiles) character file.

Game seed: 4459861083181880378

3292 spiderkeys the Covered (level 10, -4/61 HPs)
             Began as a Tengu Abyssal Knight on July 10, 2021.
             Was a Priest of Lugonu.
             Slain by a howler monkey zombie (6 damage)
             ... on level 8 of the Dungeon.
             The game lasted 00:13:02 (8899 turns).

spiderkeys the Covered (Tengu Abyssal Knight)       Turns: 8899, Time: 00:13:03

Health: -4/61      AC:  6    Str: 16    XL:     10   Next: 1%
Magic:  13/15      EV: 12    Int:  9    God:    Lugonu [***...]
Gold:   361        SH:  5    Dex: 26    Spells: 9/9 levels left

rFire    . . .     SeeInvis .   b - +1 fustibalus (flame)
rCold    x . .     Faith    .   s - +0 buckler
rNeg     . . .     Spirit   .   A - +0 ring mail "Jusihack" {Harm rC- Slay+6}
rPois    .         Reflect  .   (helmet restricted)
rElec    .         Harm     +   (no cloak)
rCorr    .         Rampage  .   (no gloves)
Will     ++...     Rnd*Rage +   (boots unavailable)
Stlth    +.........             B - necklace of Bloodlust {*Rage +Rage Will++ Int-3 Slay+6}
HPRegen  0.20/turn              D - +6 ring of dexterity
MPRegen  0.14/turn              d - +6 ring of dexterity

@: flying quickly and evasively, quick
A: beak, talons 3, nimble flight
a: Renounce Religion, Evoke Berserk Rage, Depart the Abyss, Bend Space, Banish


You were on level 8 of the Dungeon.
You worshipped Lugonu.
Lugonu was most pleased with you.
You visited 1 branch of the dungeon, and saw 8 of its levels.
You visited the Abyss 1 time.

You collected 361 gold pieces.


Innate Abilities, Weirdness & Mutations

You have a beak for a mouth.
You have claws for feet.
Your magical nature lets you fly swiftly and evasively.


   Skills:
 + Level 6.8 Fighting
 - Level 7.0 Polearms
 + Level 6.0 Slings
 + Level 7.0 Armour
 - Level 1.1 Dodging
 + Level 0.0 Shields
 + Level 5.7 Invocations


You had 9 spell levels left.
You didn't know any spells.
Your spell library contained the following spells:

 Spells                   Type           Power      Damage    Failure   Level
 Beastly Appendage        Tmut           0%         N/A       75%         1
 Magic Dart               Conj           0%         1d3       75%         1
 Sandblast                Erth           0%         2d4       75%         1
 Searing Ray              Conj           0%         3d3       87%         2
 Wereblood                Tmut           0%         N/A       87%         2
 Call Canine Familiar     Summ           0%         N/A       98%         3
 Dazzling Flash           Conj/Hex       0%         N/A       98%         3
 Ozocubu's Armour         Ice            0%         N/A       98%         3
 Portal Projectile        Hex/Tloc       0%         N/A       98%         3
 Spider Form              Tmut/Pois      0%         N/A       98%         3
 Fulminant Prism          Conj/Hex       0%         3d6       100%        4
 Leda's Liquefaction      Hex/Erth       0%         N/A       100%        4
 Agony                    Necr           0%         N/A       100%        5
 Silence                  Hex/Air        0%         N/A       100%        5
 Summon Mana Viper        Hex/Summ       0%         N/A       100%        5
 Haunt                    Necr/Summ      0%         N/A       100%        7
 Ozocubu's Refrigeration  Ice            0%         4d5       100%        7
 Summon Hydra             Summ           0%         N/A       100%        7

Inventory:

Hand Weapons
 a - a +1 spear of draining
 b - a +1 fustibalus of flaming (weapon)
   (You found it on level 4 of the Abyss)
Missiles
 i - 118 arrows
 j - 12 bolts
 n - 192 stones (quivered ammo)
 r - 2 boomerangs
 x - a throwing net {=f!f}
 y - 42 poisoned darts
 F - a curare-tipped dart {=f}
 I - 6 javelins
Armour
 o - a +0 ring mail
   (You found it on level 2 of the Dungeon)
 s - a +0 buckler (worn)
   (You found it on level 3 of the Dungeon)
 A - the +0 ring mail "Jusihack" (worn) {Harm rC- Slay+6}
   (You took it off a gnoll on level 6 of the Dungeon)

   Slay:      It affects your accuracy & damage with ranged weapons and melee
   (+6).
   rC:        It makes you vulnerable to cold.
   Harm:      It increases damage dealt and taken.
 H - a +0 pair of gloves
   (You found it on level 7 of the Dungeon)
Jewellery
 d - a +6 ring of dexterity (right hand)
   (You found it on level 2 of the Dungeon)
 B - the necklace of Bloodlust (around neck) {*Rage +Rage Will++ Int-3 Slay+6}
   (You found it on level 6 of the Dungeon)

   [amulet of nothing]

   It extends the wearer's berserk rage when killing foes.
   Int:       It affects your intelligence (-3).
   Slay:      It affects your accuracy & damage with ranged weapons and melee
   (+6).
   +Rage:     It lets you go berserk.
   *Rage:     It may make you go berserk in combat.
   Will:      It greatly increases your willpower.
 C - a ring of ice
   (You found it on level 2 of the Abyss)
 D - a +6 ring of dexterity (left hand)
   (You found it on level 1 of the Dungeon)
 R - a ring of resist corrosion
   (You found it on level 4 of the Dungeon)
Wands
 t - a wand of digging (7)
   (You found it on level 4 of the Dungeon)
 K - a wand of flame (12)
   (You found it on level 8 of the Dungeon)
 L - a wand of iceblast (5)
   (You found it on level 8 of the Dungeon)
Scrolls
 l - a scroll of blinking {!r}
 m - a scroll of amnesia
 z - a scroll of enchant armour {unknown}
 E - a scroll of immolation {unknown}
 G - a scroll of identify {@r1}
Potions
 c - 3 potions of lignification {!q}
 e - 3 potions of magic {unknown}
 f - a potion of mutation {unknown}
 g - 5 potions of curing {unknown}
 h - 4 potions of heal wounds {unknown}
 k - 2 potions of attraction {unknown}
 p - 2 potions of haste {unknown}
 q - a potion of berserk rage {unknown}
 u - a potion of might {unknown}
 v - a potion of flight {unknown}
 w - a potion of ambrosia {unknown}
 J - a potion of brilliance {unknown}

Dungeon Overview and Level Annotations

Branches:
Dungeon (8/15)             Temple (0/1) D:6
   Lair: D:8-11

Altars:
Fedhas

Annotations:
D:5 2 transporters, Nick1's ghost, novice DsCK
D:6 3 runed translucent doors, atabob's ghost, novice DrCj

..### ###....##.#
#.#.Z####.....###.#
#.........#...# #.#
##..#<.##>....# #.#
#......#.#.#.# #.#
...####.....#†# #÷#
.#. ###.(.#÷###§##
#.. #...)......# ..
#..##.#Z@..# #.
#..##.#..Oh#
#..##.#....#
#..##.#...§#
#####.#....#
..###### .##


You could see a two-headed ogre, a warg and a howler monkey zombie.


Message History

n - 196 stones (gained 1)
You see here a yak corpse.
A wyvern is nearby!
You shoot a stone. The wyvern hisses angrily.
The stone hits the wyvern but does no damage.
You shoot a stone. The stone hits the wyvern.
The stone burns the wyvern.
You hear a shout!
You shoot a stone. The stone hits the orc wizard!
The stone burns the orc wizard!
You kill the orc wizard!
Lugonu accepts your kill.
You shoot a stone. The stone hits the wyvern!
The stone burns the wyvern.
The wyvern bites you! 😮 HP[-18]
You take 18 damage, and now have 38/56 hp.
MASSIVE DAMAGE!! (PAUSE)
You are too injured to fight recklessly!
Fire: 192 stones
Press: ? - help, Q - select action, (/) - cycle Shift-Dir - straight line, f/p - wyvern
Aim: a wyvern (almost dead, 76% to hit)
You shoot a stone. The stone hits the wyvern.
The stone burns the wyvern.
You kill the wyvern!
Lugonu accepts your kill.
Your Polearms skill increases to level 7!
Your Slings skill increases to level 6!
Your Armour skill increases to level 7!
You have reached level 10! 😮 HP[+3] MP[+1]
You now have 61 max hp (+5).
You regained 3 hp, and now have 41/61 hp.
Your mp is fully restored (15).
n - 192 stones (gained 1)
You see here a wyvern corpse. 😎 HP[+20]
Your hp is fully restored (61).
n - 193 stones (gained 1)
n - 194 stones (gained 1)
n - 195 stones (gained 1)
n - 196 stones (gained 1)
Found an escape hatch in the ceiling.
n - 197 stones (gained 1)
n - 198 stones (gained 1)
n - 199 stones (gained 1)
n - 200 stones (gained 1)
Things that are here:
a +1 dagger of speed; a +0 robe
There is an escape hatch in the ceiling here.
An orc comes into view. It is wielding a +0 trident.
You shoot a stone. The orc shouts!
The stone hits the orc!
The stone burns the orc.
You kill the orc!
Lugonu accepts your kill.
You shoot a stone. The two-headed ogre shouts in stereo!
The stone hits the two-headed ogre.
The stone burns the two-headed ogre.
You hear a shout! x2
You shoot a stone. The stone hits the two-headed ogre.
The stone burns the two-headed ogre.
A howler monkey zombie comes into view.
You shoot a stone. The stone hits the two-headed ogre!
The stone burns the two-headed ogre.
You shoot a stone.
The stone barely misses the two-headed ogre.
You shoot a stone.
The stone barely misses the two-headed ogre.
There is an escape hatch in the ceiling here.
Things that are here:
a +1 dagger of speed; a +0 robe You shoot a stone.
The stone hits the two-headed ogre!
The stone burns the two-headed ogre.
The two-headed ogre hits you with a +0 giant club!!
The two-headed ogre hits you with a +0 dire flail. 😮 HP[-28]
You take 28 damage, and now have 33/61 hp.
MASSIVE DAMAGE!! (PAUSE) 😮 HP[+1]
The warg bites you!
* * * LOW HITPOINT WARNING * * *
😨 HP[-14]
You take 14 damage, and now have 20/61 hp.
MASSIVE DAMAGE!! (PAUSE) Space bends sharply around you!
You blink. 😨 HP[-2] MP[-1]
You take 2 damage, and now have 18/61 hp.
You lost 1 mp, and now have 14/15 mp.
Unknown command.
Fire: 193 stones
Press: ? - help, Q - select action, (/) - cycle Shift-Dir - straight line, f - warg, p - two-headed ogre
Aim: a warg (72% to hit)
You shoot a stone. The stone hits the warg!
The stone burns the warg. 😨 HP[+1] Space bends around you!
You blink.
You block the two-headed ogre's attack.
The two-headed ogre hits you with a +0 dire flail!
* * * LOW HITPOINT WARNING * * *
The howler monkey zombie hits you.
You die...

Skill      XL: |  1  2  3  4  5  6  7  8  9 |
---------------+----------------------------+-----
Slings         | 1 2 3 4 6 |  6.0
Invocations    | 2 3 4 5 |  5.7
Polearms       | 3 4 5 7 |  7.0
Armour         | 3 4 5 7 |  7.0
Fighting       | 4 5 6 |  6.8
Dodging        | |  1.1

Action                   |  1- 3 |  4- 6 |  7- 9 | 10-12 || total
-------------------------+-------+-------+-------+-------++-------
Melee: Spear             |     9 |       |       |       ||     9
       Kick              |     1 |       |       |       ||     1
 Fire: Fustibalus        |    85 |   126 |   232 |     8 ||   451
Invok: Depart the Abyss  |     1 |       |       |       ||     1
       Bend Space        |       |    12 |     7 |     2 ||    21
  Use: Scroll            |     1 |       |     5 |       ||     6
 Stab: Distracted        |     1 |       |       |       ||     1
Armor: Leather armour    |    11 |     1 |       |       ||    12
       Ring mail         |       |    13 |    30 |       ||    43
Dodge: Dodged            |    42 |    24 |    80 |       ||   146
Block: Buckler           |       |     1 |    35 |     1 ||    37

Levels and vault maps discovered:
D:1:      dpeg_arrival_snail, layout_basic,
          shapermc_ecumenical_altar_starsandcircs, due_unseen_surprise
D:2:      layout_loops_ring
D:3:      cheibrodos_helix_gallery, layout_basic, amcnicky_altar_gilded,
          serial_aquarium, aquarium_bridge_long_separate
          [aquarium_subvault_bridge, aquarium_subvault_bridge,
          aquarium_subvault_window, aquarium_subvault_window,
          aquarium_subvault_window, aquarium_subvault_bridge],
          aquarium_window_1, aquarium_window_1, aquarium_view_2b,
          aquarium_balcony_1a
D:4:      layout_gridville, uniq_edmund
D:5:      layout_layer_cave, gammafunk_ghost_smash
D:6:      layout_basic, minmay_temple_entry_from_below_a, gammafunk_ghost_split
D:7:      layout_gridville
D:8:      layout_rooms, erik_lair_orcish_takeover

Notes
Turn   | Place    | Note
-------+----------+-------------------------------------------
     0 | Abyss:1  | spiderkeys the Tengu Abyssal Knight began the quest for the
                  | Orb.
     0 | Abyss:1  | Reached XP level 1. HP: 14/14 MP: 3/3
     0 | Abyss:1  | magus.rc [v1.9.10]
    72 | Abyss:2  | Noticed a hog
    82 | Abyss:2  | Noticed an ogre
    82 | Abyss:2  | a hog changed into an ogre
    85 | Abyss:3  | Found a corrupted altar of Lugonu.
    96 | Abyss:3  | Noticed an ice dragon zombie
   122 | Abyss:4  | Noticed a sixfirhy
   123 | D:1      | You pass through the gate.
   123 | D:1      | Escaped the Abyss
   341 | D:1      | You pick up a book of the Senses and begin reading...
   341 | D:1      | You add the spells Dazzling Flash, Agony and Silence to
                  | your library.
   416 | D:1      | You fall into a shaft and drop 1 floor!
   482 | D:2      | Reached XP level 2. HP: 15/19 MP: 4/4
   770 | D:1      | Reached XP level 3. HP: 23/23 MP: 5/5
   777 | D:1      | Reached skill level 1 in Slings
   798 | D:1      | Found a faded altar of an unknown god.
   837 | D:1      | Reached * piety under Lugonu
   838 | D:1      | Reached skill level 2 in Invocations
   980 | D:1      | You pick up a book of Changes and begin reading...
   980 | D:1      | You add the spells Beastly Appendage, Wereblood and Spider
                  | Form to your library.
  1414 | D:1      | Reached XP level 4. HP: 28/28 MP: 6/6
  2408 | D:3      | Found a blossoming altar of Fedhas.
  2482 | D:3      | Reached ** piety under Lugonu
  2818 | D:3      | Reached skill level 3 in Polearms
  2821 | D:3      | Reached skill level 3 in Armour
  3305 | D:4      | Noticed an ogre
  3309 | D:4      | Killed an ogre
  3310 | D:4      | Reached skill level 2 in Slings
  3310 | D:4      | Gained mutation: Your magical nature lets you fly swiftly
                  | and evasively. [Tengu growth]
  3310 | D:4      | Reached XP level 5. HP: 33/33 MP: 7/7
  3317 | D:4      | Reached XP level 6. HP: 19/38 MP: 7/9
  3573 | D:4      | Reached skill level 4 in Fighting
  3679 | D:4      | Reached skill level 3 in Invocations
  3821 | D:4      | Noticed Edmund
  3869 | D:4      | Killed Edmund
  3870 | D:4      | Reached skill level 4 in Polearms
  3870 | D:4      | Reached skill level 3 in Slings
  3870 | D:4      | Reached skill level 4 in Armour
  3870 | D:4      | Reached XP level 7. HP: 10/44 MP: 2/10
  4670 | D:5      | Entered Level 5 of the Dungeon
  5010 | D:5      | Reached XP level 8. HP: 36/48 MP: 11/11
  5264 | D:5      | Reached skill level 5 in Fighting
  5535 | D:5      | Identified the +11 great mace "Ysam" {freeze, rPois rC+
                  | Int+7 Stlth+}
  5541 | D:5      | Noticed Nick1's ghost (novice DsCK)
  5545 | D:5      | Found a transporter.
  5550 | D:5      | Found a transporter.
  5797 | D:5      | Reached skill level 5 in Polearms
  5797 | D:5      | Reached skill level 5 in Armour
  5797 | D:5      | Reached skill level 4 in Invocations
  5809 | D:5      | Reached skill level 4 in Slings
  6200 | D:6      | Found a runed translucent gate.
  6202 | D:6      | Found a runed translucent gate.
  6203 | D:6      | Found a runed translucent gate.
  6233 | D:6      | Reached *** piety under Lugonu
  6450 | D:6      | Found a staircase to the Ecumenical Temple.
  6566 | D:6      | You pick up a book of Conjurations and begin reading...
  6566 | D:6      | You add the spells Magic Dart, Searing Ray and Fulminant
                  | Prism to your library.
  6708 | D:6      | Noticed atabob's ghost (novice DrCj)
  6731 | D:6      | Identified the +0 ring mail "Jusihack" {Harm rC- Slay+6}
  6923 | D:6      | Found the necklace of Bloodlust {*Rage +Rage Will++ Int-3
                  | Slay+6}
  6964 | D:6      | Reached XP level 9. HP: 52/55 MP: 13/13
  7128 | D:6      | You add the spells Ozocubu's Armour and Ozocubu's
                  | Refrigeration to your library.
  7424 | D:7      | Reached skill level 6 in Armour
  7468 | D:7      | You add the spells Sandblast, Summon Mana Viper, Haunt and
                  | Summon Hydra to your library.
  7468 | D:7      | Got Farushrab's Tome of the Rocks and the Entourage
  7534 | D:7      | You pick up a book of the Hunter and begin reading...
  7534 | D:7      | You add the spells Call Canine Familiar, Portal Projectile
                  | and Leda's Liquefaction to your library.
  7569 | D:7      | Reached skill level 6 in Fighting
  7569 | D:7      | Reached skill level 6 in Polearms
  7569 | D:7      | Reached skill level 5 in Slings
  7646 | D:7      | Reached skill level 5 in Invocations
  8363 | D:8      | Noticed a two-headed ogre
  8745 | D:8      | Reached skill level 7 in Polearms
  8745 | D:8      | Reached skill level 6 in Slings
  8745 | D:8      | Reached skill level 7 in Armour
  8745 | D:8      | Reached XP level 10. HP: 41/61 MP: 15/15
  8899 | D:8      | HP: 2/61 [two-headed ogre (15)]
  8899 | D:8      | Slain by a howler monkey zombie

Vanquished Creatures
  4 yaks (D:8)
  A wyvern (D:8)
  Edmund (D:4)
  2 water moccasins (D:6)
  4 black bears
  A sky beast (D:5)
  An ice beast (D:7)
  4 ogres
  A phantom (D:5)
  A kobold brigand (D:7)
  A bullfrog (D:7)
  4 scorpions
  A water moccasin zombie (D:7)
  A jelly (D:4)
  A centaur zombie (D:8)
  2 bullfrog zombies
  A bullfrog skeleton (D:6)
  5 orc priests
  3 hounds
  A centaur skeleton (D:5)
  A scorpion zombie (D:5)
  3 iguanas
  6 orc wizards
  3 gnolls (D:6)
  4 adders
  An adder skeleton (D:5)
  A worm (D:4)
  5 dart slugs
  14 orcs
  8 bats
  7 endoplasms
  4 giant cockroaches
  11 goblins
  7 hobgoblins
  2 jackals (D:2)
  2 quokkas
  9 ball pythons
  A frilled lizard (D:1)
  11 kobolds
  4 rats
144 creatures vanquished.

Table legend:
 A = Non-vault XP
 B = Vault XP
 C = Vault XP percentage of total XP
 D = Non-vault monster count
 E = Vault monster count
 F = Vault count percentage of total count
                 A         B        C        D         E       F
            +---------+---------+-------+---------+---------+-------
      Total |    4499 |     204 |   4.3 |     139 |       5 |   3.5
            +---------+---------+-------+---------+---------+-------
        D:1 |      55 |       0 |   0.0 |      31 |       0 |   0.0
        D:2 |      46 |       0 |   0.0 |      17 |       0 |   0.0
        D:3 |      36 |       4 |  10.0 |      12 |       2 |  14.3
        D:4 |     474 |     162 |  25.5 |      22 |       1 |   4.3
        D:5 |     786 |       0 |   0.0 |      18 |       0 |   0.0
        D:6 |     834 |       0 |   0.0 |      11 |       0 |   0.0
        D:7 |    1100 |       0 |   0.0 |      20 |       0 |   0.0
        D:8 |    1168 |      38 |   3.2 |       8 |       2 |  20.0
            +---------+---------+-------+---------+---------+-------

Illustrated notes

Table legend:
 A = Kills in this place as a percentage of kills in entire the game.
 B = Kills by you in this place as a percentage of kills by you in the entire game.
 C = Kills by friends in this place as a percentage of kills by friends in the entire game.
 D = Other kills in this place as a percentage of other kills in the entire game.
 E = Experience gained in this place as a percentage of experience gained in the entire game.
 F = Experience gained in this place divided by the number of levels of this place that you have seen.
                   A       B       C       D       E      F
               +-------+-------+-------+-------+-------+----------------------
         Total | 100.0 | 100.0 |   N/A |   N/A | 100.0 | 391.9
       Dungeon | 100.0 | 100.0 |   N/A |   N/A | 100.0 | 587.9
               +-------+-------+-------+-------+-------+----------------------

Table legend: (Time is in decaauts)
 A = Elapsed time spent in this place.
 B = Non-inter-level travel time spent in this place.
 C = Inter-level travel time spent in this place.
 D = Time resting spent in this place.
 E = Time spent auto-exploring this place.
 F = Levels seen in this place.
 G = Mean time per level.
                   A        B        C        D        E       F      G
               +--------+--------+--------+--------+--------+-----+--------+
         Total |   8704 |   8464 |    240 |    152 |   7145 |  12 |  725.3 |
       Dungeon |   8581 |   8341 |    240 |    152 |   7128 |   8 | 1072.6 |
         Abyss |    122 |    122 |      0 |      0 |     17 |   4 |   30.5 |
               +--------+--------+--------+--------+--------+-----+--------+

Top non-repeatable levels by time:
     D:4: 1393 daAuts
     D:5: 1345 daAuts
     D:6: 1238 daAuts
     D:2: 1114 daAuts
     D:1: 1098 daAuts
     D:7: 1009 daAuts
     D:3: 951 daAuts
     D:8: 430 daAuts
 Abyss:2: 59 daAuts
 Abyss:1: 25 daAuts
 Abyss:4: 23 daAuts
 Abyss:3: 13 daAuts
